 Dungeon Crawl Stone Soup version 0.31-a0-618-g7ca08c1ff9 (webtiles) character file.

Game seed: 11959757368926907795

919 Sanktem7 the Chopper (level 7, -2/62 HPs)
             Began as a Minotaur Fighter on Aug 22, 2023.
             Killed by divine providence
             ... invoked by an orc priest
              (14 damage)
             ... on level 4 of the Dungeon.
             The game lasted 00:03:19 (2327 turns).

Sanktem7 the Chopper (Minotaur Fighter)             Turns: 2327, Time: 00:03:19

Health: -2/62      AC:  7    Str: 22    XL:     7   Next: 83%
Magic:  6/6        EV:  9    Int:  5    God:
Gold:   219        SH:  0    Dex: 10    Spells: 6/6 levels left

rFire   . . .        a - +0 war axe {axe}
rCold   . . .        c - +0 buckler
rNeg    . . .        b - +0 scale mail
rPois   .            (helmet restricted)
rElec   .            (no cloak)
rCorr   .            (no gloves)
SInv    .            (no boots)
Will    .....        (no amulet) Stlth
                     (no ring)
HPRegen 0.30/turn    (no ring)
MPRegen 0.10/turn

%: no passive effects
@: confused
A: horns 2, retaliatory headbutt
a: no special abilities


You were on level 4 of the Dungeon.
You visited 1 branch of the dungeon, and saw 4 of its levels.

You collected 219 gold pieces.


Innate Abilities, Weirdness & Mutations

You have a pair of horns on your head.
You reflexively headbutt those who attack you in melee.


   Skills:
 + Level 5.7 Fighting
 * Level 6.8 Axes
 + Level 2.7 Throwing
 + Level 5.8 Armour
 + Level 5.7 Shields


You had 6 spell levels left.
You didn't know any spells.
Your spell library contained the following spells:

 Spells                   Type           Power      Damage    Failure   Level
 Apportation              Tloc           0%         N/A       83%         1
 Alistair's Intoxication  Tmut/Pois      0%         N/A       100%        5

Inventory:

Hand Weapons
 a - a +0 war axe (weapon) {axe}
Missiles
 h - 3 boomerangs {throwing}
 j - 26 stones {throwing}
Armour
 b - a +0 scale mail (worn)
 c - a +0 buckler (worn)
 g - a +2 cloak
   (You found it on level 1 of the Dungeon)
 u - the +0 ring mail of Hait {rElec rPois}
   (You found it on level 3 of the Dungeon)

   rElec:     It insulates you from electricity.
   rPois:     It protects you from poison
 w - a +2 cloak
   (You found it on level 4 of the Dungeon)
Jewellery
 e - a ring of positive energy
   (You found it on level 1 of the Dungeon)
 x - a ring of see invisible
   (You found it on level 4 of the Dungeon)
Scrolls
 f - 4 scrolls of teleportation {unknown}
 k - 2 scrolls of enchant armour {unknown}
 n - a scroll of noise {unknown}
 o - 3 scrolls of identify {unknown}
 p - a scroll of revelation {unknown}
 s - a scroll of immolation {unknown}
 v - a scroll of butterflies {unknown}
Potions
 d - a potion of might
 i - a potion of curing {unknown}
 l - 7 potions of heal wounds {unknown}
 m - a potion of lignification {unknown}
 q - 2 potions of mutation {unknown}
 r - a potion of brilliance {unknown}
 t - a potion of enlightenment {unknown}

Dungeon Overview and Level Annotations

Branches:
Dungeon (4/15) Zot: 21622
 Temple: D:4-7

Altars:
Qazlal

.. #. ## .. ..## .#
...########.# ###
##...##...#.# #.#
##...........#####.#
###.........@.###...##
.<.......o...###....#
#......o...##....##
..#.........###....## #
#....##...##...##.##
#.#..#####..########.###
#.....###..##### ##...##
####...#..###..##
#..#..## ##.)o..#
#...###.##...##


You could see an orc priest and an orc wizard.


Message History

You closely miss something. You headbutt something.
Reactivating autopickup.
You feel a bit more experienced.
You closely miss something. Something hits you but does no damage.
Deactivating autopickup; reactivate with Ctrl-A. 😮 HP[+1]
You hit the orc priest. You hit something.
Something hits you but does no damage.
The orc priest begins to cast a cantrip, but forgets the words!
You closely miss the orc priest. You hit something.
You hear some strange, mumbled words.
You are confused.
The orc priest looks braver for a moment.
An orc priest comes into view. It is wielding a +0 club.
The orc priest looks braver for a moment.
The orc priest shouts!
You closely miss the orc priest. You headbutt the orc priest.
You miss something.
You hear some strange, mumbled words.
A puff of flame appears from out of thin air!
The puff of flame misses you. The orc priest hits you with a +0 mace.
The orc priest hits you but does no damage.
The orc priest invokes the aid of Beogh against you.
Beogh smites you!
* * * LOW HITPOINT WARNING * * *
Something hits you but does no damage. 😨 HP[-17]
You take 17 damage, and now have 27/62 hp.
MASSIVE DAMAGE!! (PAUSE)
You bump into the rock wall.
The orc priest mumbles some strange prayers to Beogh against you.
You struggle to resist.
The orc priest closely misses you. Something hits you but does no damage.
You miss the orc priest. You completely miss something.
You slash the orc priest! Something hits you but does no damage.
The orc priest barely misses you. The orc priest hits you with a +0 club.
* * * LOW HITPOINT WARNING * * *
😨 HP[-3]
You take 3 damage, and now have 24/62 hp.
You bump into the rock wall.
Something hits you.
* * * LOW HITPOINT WARNING * * *
The orc priest hits you with a +0 club.
* * * LOW HITPOINT WARNING * * *
The orc priest barely misses you. 😨 HP[-2]
You take 2 damage, and now have 22/62 hp.
You hit the orc priest.
You kill the orc priest!
You closely miss the orc priest. You barely miss something.
The orc priest looks satisfied for a moment.
Something hits you.
* * * LOW HITPOINT WARNING * * *
😨 HP[-2]
You take 2 damage, and now have 20/62 hp.
You hit the orc priest but do no damage.
You headbutt the orc priest. You miss the orc. You barely miss something.
The orc priest invokes the aid of Beogh against you.
Pain shoots through your body!
* * * LOW HITPOINT WARNING * * *
Something hits you.
* * * LOW HITPOINT WARNING * * *
The orc barely misses you.
The orc priest miscasts a cantrip. 😱 HP[-12]
You take 12 damage, and now have 8/62 hp.
You slash the orc priest!
You kill the orc priest!
You slash the orc!
You kill the orc!
You miss something.
You feel less confused.
Something hits you but does no damage. 😱 HP[+1]
The orc attacks as it pursues you! The orc hits you but does no damage.
Things that are here:
a +0 club {mace}; a +0 scale mail; 6 gold pieces The orc attacks as it pursues you!
The orc hits you with a +0 club.
* * * LOW HITPOINT WARNING * * *
😱 HP[-2]
You take 2 damage, and now have 7/62 hp. 😱 HP[+1]
The orc attacks as it pursues you! You block the orc's attack.
The orc attacks as it pursues you! The orc barely misses you.
You furiously retaliate!
You headbutt the orc!
You kill the orc! 😱 HP[+1]
You hear some strange, mumbled words.
Something tries to affect you, but you resist.
Found a stone staircase leading up. 😱 HP[+1]
The orc priest casts a cantrip, but nothing happens. 😱 HP[+1]
An orc wizard appears from thin air!
Reactivating autopickup.
The orc wizard casts a spell at you.
You are confused. 😱 HP[+1]
The orc priest calls down the wrath of Beogh upon you.
Beogh smites you!
You die...

Skill      XL: |  1  2  3  4  5  6 |
---------------+-------------------+-----
Axes           | 4 5 6 |  6.8
Fighting       | 4 5 |  5.7
Armour         | 4 5 |  5.8
Shields        | 4 5 |  5.7
Throwing       | 2 |  2.7

Action                     |  1- 3 |  4- 6 |  7- 9 || total
---------------------------+-------+-------+-------++-------
  Melee: War axe           |    54 |    73 |    41 ||   168
         Headbutt          |     6 |    17 |     7 ||    30
 Armour: Scale mail        |    38 |    23 |    44 ||   105
  Dodge: Dodged            |    25 |    36 |    37 ||    98
  Block: Buckler           |    11 |    13 |    12 ||    36

Levels and vault maps discovered:
D:1:      grunt_arrival_crossed_arrows, layout_rooms, minmay_misc_feat_encased,
          nrook_uturn
D:2:      layout_loops_ring, basic_altar, minmay_pentomino_p4, uniq_sigmund
D:3:      layout_basic, serial_corexii_hall, corexii_hall_statues_i,
          corexii_hall_statues_x, chequers_hall_statues_y
D:4:      layout_rooms, lemuel_mausoleum_altar_yredelemnul, xom_butterflies,
          goddamned_bats, uniq_grinder, uniq_duvessa, uniq_blork_the_orc

Notes
Turn   | Place    | Note
-------+----------+-------------------------------------------
     0 | D:1      | Sanktem7 the Minotaur Fighter began the quest for the Orb.
     0 | D:1      | Reached XP level 1. HP: 19/19 MP: 0/0
     0 | D:1      | magus.rc [v1.9.6]
   220 | D:1      | Reached XP level 2. HP: 27/27 MP: 1/1
   512 | D:2      | Reached skill level 3 in Axes
   534 | D:2      | Noticed Sigmund
   551 | D:2      | Killed Sigmund
   552 | D:2      | Reached skill level 4 in Fighting
   552 | D:2      | Reached skill level 4 in Axes
   552 | D:2      | Reached skill level 4 in Armour
   552 | D:2      | Reached skill level 4 in Shields
   552 | D:2      | Reached XP level 3. HP: 15/34 MP: 2/2
   552 | D:2      | Reached XP level 4. HP: 18/41 MP: 3/3
   552 | D:2      | Reached XP level 5. HP: 21/47 MP: 4/4
  1000 | D:2      | Found a stormy altar of Qazlal.
  1042 | D:2      | You pick up a book of Party Tricks and begin reading...
  1042 | D:2      | You add the spells Apportation and Alistair's Intoxication
                  | to your library.
  1469 | D:3      | Reached skill level 5 in Axes
  1555 | D:3      | Reached XP level 6. HP: 55/55 MP: 5/5
  1555 | D:3      | Identified the +0 ring mail of Hait {rElec rPois}
  1586 | D:3      | Reached skill level 1 in Throwing
  2046 | D:4      | Noticed Blork the orc
  2052 | D:4      | Killed Blork the orc
  2053 | D:4      | Reached skill level 5 in Armour
  2073 | D:4      | Reached skill level 5 in Fighting
  2073 | D:4      | Reached skill level 5 in Shields
  2139 | D:4      | Noticed Grinder
  2145 | D:4      | Killed Grinder
  2146 | D:4      | Reached skill level 6 in Axes
  2146 | D:4      | Reached skill level 2 in Throwing
  2146 | D:4      | Reached XP level 7. HP: 61/61 MP: 6/6
  2309 | D:4      | HP: 11/62 [orc priest/nerve-wracking pain (9)]
  2327 | D:4      | Killed from afar by an orc priest

Vanquished Creatures
  Grinder (D:4)
  Sigmund (D:2)
  A phantom (D:4)
  Blork the orc (D:4)
  A vampire bat (D:4)
  A jelly (D:3)
  3 orc priests (D:4)
  3 orc wizards (D:4)
  A gnoll (D:2)
  5 adders
  An ufetubus (D:3)
  A worm (D:2)
  3 dart slugs
  3 fire bats (D:4)
  7 orcs
  2 spectral bats (D:4)
  11 bats
  3 bat skeletons (D:4)
  A bat zombie (D:4)
  5 endoplasms
  4 giant cockroaches
  7 goblins
  3 hobgoblins
  4 quokkas
  6 ball pythons
  A bat simulacrum (D:4)
  3 frilled lizards (D:3)
  3 kobolds
  5 rats
91 creatures vanquished.

Table legend:
 A = Non-vault XP
 B = Vault XP
 C = Vault XP percentage of total XP
 D = Non-vault monster count
 E = Vault monster count
 F = Vault count percentage of total count
                 A         B        C        D         E       F
            +---------+---------+-------+---------+---------+-------
      Total |     521 |     792 |  60.3 |      64 |      27 |  29.7
            +---------+---------+-------+---------+---------+-------
        D:1 |      18 |       0 |   0.0 |      11 |       0 |   0.0
        D:2 |      21 |     246 |  92.1 |       6 |       5 |  45.5
        D:3 |     129 |       0 |   0.0 |      25 |       0 |   0.0
        D:4 |     353 |     546 |  60.7 |      22 |      22 |  50.0
            +---------+---------+-------+---------+---------+-------

Skill      XL: |  1  2  3  4  5  6 |
---------------+-------------------+-----
Axes           | 4 5 6 |  6.8
Fighting       | 4 5 |  5.7
Armour         | 4 5 |  5.8
Shields        | 4 5 |  5.7
Throwing       | 2 |  2.7

Action                     |  1- 3 |  4- 6 |  7- 9 || total
---------------------------+-------+-------+-------++-------
  Melee: War axe           |    54 |    73 |    41 ||   168
         Headbutt          |     6 |    17 |     7 ||    30
 Armour: Scale mail        |    38 |    23 |    44 ||   105
  Dodge: Dodged            |    25 |    36 |    37 ||    98
  Block: Buckler           |    11 |    13 |    12 ||    36

Illustrated notes

Table legend:
 A = Kills in this place as a percentage of kills in the entire game.
 B = Kills by you in this place as a percentage of kills by you in the entire game.
 C = Kills by friends in this place as a percentage of kills by friends in the entire game.
 D = Other kills in this place as a percentage of other kills in the entire game.
 E = Experience gained in this place as a percentage of experience gained in the entire game.
 F = Experience gained in this place divided by the number of levels of this place that you have seen.
                   A       B       C       D       E      F
               +-------+-------+-------+-------+-------+----------------------
         Total | 100.0 | 100.0 |   N/A |   N/A | 100.0 | 328.2
       Dungeon | 100.0 | 100.0 |   N/A |   N/A | 100.0 | 328.2
               +-------+-------+-------+-------+-------+----------------------

Table legend: (Time is in decaauts)
 A = Elapsed time spent in this place.
 B = Non-inter-level travel time spent in this place.
 C = Inter-level travel time spent in this place.
 D = Time resting spent in this place.
 E = Time spent auto-exploring this place.
 F = Levels seen in this place.
 G = Mean time per level.
                   A        B        C        D        E       F      G
               +--------+--------+--------+--------+--------+-----+--------+
         Total |   2376 |   2346 |     30 |      0 |   1904 |   4 |  594.0 |
       Dungeon |   2376 |   2346 |     30 |      0 |   1904 |   4 |  594.0 |
               +--------+--------+--------+--------+--------+-----+--------+

Top non-repeatable levels by time:
     D:2: 873 daAuts
     D:3: 751 daAuts
     D:1: 448 daAuts
     D:4: 303 daAuts
